 Dungeon Crawl Stone Soup version 0.28.0-53-g5a82cb258f (webtiles) character file.

Game seed: 11582069547681860131

21 gobodom the Grave Robber (level 2, -9/19 HPs)
             Began as a Vampire Necromancer on June 22, 2022.
             Mangled by a worm (11 damage)
             ... on level 2 of the Dungeon.
             The game lasted 00:04:56 (1457 turns).

gobodom the Grave Robber (Vampire Necromancer)      Turns: 1457, Time: 00:04:57

Health: -9/19      AC:  2    Str:  7    XL:     2   Next: 65%
Magic:  1/5        EV: 12    Int: 17    God:
Gold:   45         SH:  0    Dex: 14    Spells: 4/5 levels left

rFire   . . .      SeeInvis +   d - +2 whip (vamp)
rCold   . . .      Faith    .   (no shield)
rNeg    . . .      Spirit   .   a - +0 robe
rPois   .          Reflect  .   (no helmet)
rElec   .          Harm     .   (no cloak)
rCorr   .          Rampage  .   (no gloves)
Will    .....                   (no boots)
Stlth   ++........              (no amulet)
HPRegen 0.26/turn               (no ring)
MPRegen 0.09/turn               (no ring)

@: healing quickly
A: alive, fangs 3, see invisible, vampiric 1
a: Exsanguinate


You were on level 2 of the Dungeon.
You visited 1 branch of the dungeon, and saw 2 of its levels.

You collected 45 gold pieces.

Inventory:

Hand Weapons
 d - a +2 vampiric whip (weapon)
Missiles
 g - 6 poisoned darts
Armour
 a - a +0 robe (worn)
Scrolls
 b - a scroll of teleportation {unknown}
Potions
 c - a potion of resistance {unknown}
 e - a potion of lignification {unknown}
 f - a potion of degeneration {unknown}
 h - a potion of curing {unknown}


   Skills:
 + Level 2.3 Dodging
 + Level 3.1 Stealth
 + Level 0.2 Unarmed Combat
 + Level 2.2 Spellcasting
 + Level 4.9 Necromancy


You had 4 spell levels left.
You knew the following spells:

 Your Spells              Type           Power      Damage    Failure   Level
a - Pain                  Necr           72%        1d7       2%          1

Your spell library contained the following spells:

 Spells                   Type           Power      Damage    Failure   Level
 Animate Skeleton         Necr           36%        N/A       2%          1
 Vampiric Draining        Necr           18%        2d7       8%          3
 Animate Dead             Necr           9%         N/A       24%         4
 Conjure Flame            Conj/Fire      1%         6-21      50%         3
 Ignite Poison            Fire/Tmut/Pois 1%         N/A       50%         3
 Portal Projectile        Hex/Tloc       2%         N/A       50%         3
 Agony                    Necr           18%        N/A       56%         5


Dungeon Overview and Level Annotations

Branches:
Dungeon (2/15)

Altars:


Innate Abilities, Weirdness & Mutations

Your natural rate of healing is accelerated.
You have razor-sharp teeth.
You have supernaturally acute eyesight. (SInv)
You are afflicted with vampirism.


Message History

Aim: a worm (heavily wounded, chance to affect: 83%)
The worm writhes in agony.
Casting: Pain (safe; 2% risk of failure)
Confirm with . or Enter, or press ? or * to list all spells.
Aiming: Pain (safe; 2% risk of failure)
Press: ? - help, Shift-Dir - straight line, f/p - worm
Aim: a worm (moderately wounded, chance to affect: 83%)
The worm writhes in agony!
Casting: Pain (safe; 2% risk of failure)
Confirm with . or Enter, or press ? or * to list all spells.
You don't have enough magic to cast this spell.
Unknown command.
Casting: Pain (safe; 2% risk of failure)
Confirm with . or Enter, or press ? or * to list all spells.
You don't have enough magic to cast this spell.
Unknown command.
Casting: Pain (safe; 2% risk of failure)
Confirm with . or Enter, or press ? or * to list all spells.
Aiming: Pain (safe; 2% risk of failure)
Press: ? - help, Shift-Dir - straight line, f/p - worm
Aim: a worm (severely wounded, chance to affect: 83%)
The worm writhes in agony.
You feel a bloodthirsty glee!
d - a +2 vampiric whip (weapon)
You hit the worm but do no damage. Your bite misses the worm.
The worm is severely wounded.
You completely miss the worm. You bite the worm.
The worm is severely wounded.
The worm barely misses you.
You hit the worm.
You feel better.
The worm is severely wounded.
The worm bites you!
* * * LOW HITPOINT WARNING * * *
You hit the worm.
You feel better.
The worm is severely wounded.
You barely miss the worm.
The worm is severely wounded.
The worm bites you!
Ouch! That really hurt!
You die...

#####.####.#
#...............##
.####.# #.#
###.........###.##
...#..# #.#
#.........# #.##
#.#.#####.#
##..##.#### #.##
#.#.##....#
#.###.######...
#......#### #.#
#.....#####
###....##### ###
#.....# #
#.#.....8#######
#....<# #
#.#.###...##.@.#.#
#.....# #
#.......8..#w.PP8#
#.....# .
#..####.##...##._#
#.....# . #..#
#.###.## 8##
#.....# . ####
#..#### ## #.....#
## #..# ####


You could see a worm.

Vanquished Creatures
  2 bats
  An endoplasm (D:1)
  3 giant cockroaches
  2 goblins
  A quokka (D:1)
  5 ball pythons
  A frilled lizard (D:2)
  3 kobolds
  2 rats
20 creatures vanquished.

Vanquished Creatures (others)
  A plant (D:2)
1 creature vanquished.

Grand Total: 21 creatures vanquished

Notes
Turn   | Place    | Note
-------+----------+-------------------------------------------
     0 | D:1      | gobodom the Vampire Necromancer began the quest for the
                  | Orb.
     0 | D:1      | Reached XP level 1. HP: 13/13 MP: 3/3
   423 | D:1      | Got Turoty's Tome of Flamy Beguiling
   581 | D:1      | Reached XP level 2. HP: 16/19 MP: 1/5
  1404 | D:2      | Found a faded altar of an unknown god.
  1457 | D:2      | Mangled by a worm

Illustrated notes

Levels and vault maps discovered:
D:1:      heliophobic_arrival_glass_houses, layout_basic, serial_bayou_pond_e
D:2:      layout_rooms, shapermc_ecumenical_altar_petra

Action                   || total
-------------------------++-------
Melee: Unarmed           ||    16
       Whip              ||     5
       Bite              ||     3
 Cast: Pain              ||    36
Armor: Robe              ||     8
Dodge: Dodged            ||    18
